 Dungeon Crawl Stone Soup version 0.26.0-15-gc6cd9f700b (webtiles) character file.

Game seed: 7760759446685279384

3296 jackrogers the Carver (level 10, -1/56 HPs)
             Began as a Gargoyle Berserker on Jan 17, 2021.
             Was a High Priest of Trog.
             Slain by an orc warrior
             ... wielding a +0 glaive
              (15 damage)
             ... on level 7 of the Dungeon.
             The game lasted 00:09:16 (8073 turns).

jackrogers the Carver (Gargoyle Berserker)          Turns: 8073, Time: 00:09:16

Health: -1/56      AC: 15    Str: 25    XL:     10   Next: 1%
Magic:  10/10      EV: 12    Int:  7    God:    Trog [*****.]
Gold:   449        SH:  5    Dex:  9    Spells: 9/9 levels left

rFire    . . .     SeeInvis .   t - +2 triple sword (elec)
rCold    . . .     Faith    .   (shield currently unavailable)
rNeg     + . .     Spirit   .   b - +1 animal skin
rPois    ∞         Reflect  +   B - +0 helmet
rElec    +         Harm     .   (no cloak)
rCorr    +         Rampage  .   C - +0 pair of gloves
Will     .....                  l - +2 pair of boots
Stlth    +.........             v - amulet of reflection
HPRegen  0.18/turn              o - ring of resist corrosion
MPRegen  0.12/turn              (no ring)

@: no status effects
A: negative energy resistance 1, electricity resistance, unbreathing,
petrification resistance, miasma immunity, AC +7
a: Renounce Religion, Berserk, Trog's Hand, Brothers in Arms


You were on level 7 of the Dungeon.
You worshipped Trog.
Trog was extremely pleased with you.
You visited 1 branch of the dungeon, and saw 7 of its levels.
You also visited: Sewer.

You collected 449 gold pieces.

Inventory:

Hand Weapons
 a - a +1 falchion
 t - a +2 triple sword of electrocution (weapon)
   (You acquired it on level 5 of the Dungeon)
 G - a +2 scimitar
   (You took it off a wight on level 7 of the Dungeon)
Missiles
 r - 13 poisoned darts
Armour
 b - a +1 animal skin (worn)
 f - a +0 plate armour
   (You found it on level 4 of the Dungeon)
 l - a +2 pair of boots (worn)
   (You found it on level 1 of the Dungeon)
 B - a +0 helmet (worn)
   (You found it on level 7 of the Dungeon)
 C - a +0 pair of gloves (worn)
   (You found it on level 7 of the Dungeon)
Jewellery
 o - a ring of resist corrosion (left hand)
   (You found it on level 2 of the Dungeon)
 v - an amulet of reflection (around neck)
   (You found it on level 6 of the Dungeon)
 w - an uncursed ring of fire {unknown}
   (You found it on level 6 of the Dungeon)
Wands
 j - a wand of digging (20)
   (You took it off Grinder in a sewer)
 z - a wand of iceblast (11)
   (You found it on level 6 of the Dungeon)
Scrolls
 e - 3 scrolls of enchant armour
 h - 3 scrolls of fear
 i - 5 scrolls of remove curse
 n - a scroll of teleportation
 s - a scroll of blinking {!r}
 x - 2 scrolls of identify
 y - a scroll of holy word {unknown}
 F - a scroll of enchant weapon
Potions
 c - 7 potions of curing
 d - a potion of resistance {unknown}
 g - 3 potions of heal wounds {unknown}
 k - 3 potions of brilliance
 m - 3 potions of lignification {!q}
 p - 3 potions of degeneration {!q}
 q - 4 potions of flight
 u - a potion of haste
 A - a potion of ambrosia {unknown}
 D - a potion of magic {unknown}
 E - a potion of attraction {unknown}


   Skills:
 - Level 3.2 Fighting
 + Level 12.5 Long Blades
 - Level 2.1 Armour
 - Level 1.5 Dodging


You had 9 spell levels left.
You didn't know any spells.
Your spell library was empty.

Dungeon Overview and Level Annotations

Branches:
Dungeon (7/15)             Temple (0/1) D:6           Sewer (visited)

Altars:
Ashenzari
Cheibriados
Dithmenos
Fedhas
Gozag
Makhleb
Okawaru
Ru
Trog
Wu Jian

Shops:
D:6 (


Innate Abilities, Weirdness & Mutations

You are resistant to torment.
Your stone body is resilient. (AC +7)
You are immune to poison.
You resist negative energy. (rN+)
You are resistant to electric shocks. (rElec)
You can survive without breathing.
You are immune to petrification.
You are immune to miasma.


Message History

You see here a halberd.
There are monsters nearby!
There are monsters nearby!
There are monsters nearby!
The orc shouts! x3; You hear a shout!
You see here 16 arrows.
The orc hits you but does no damage. The orc misses you.
You slice the orc!! Lightning courses through the orc!
You kill the orc!
Trog accepts your kill. You block the orc's attack. The orc barely misses you.
Things that are here:
a +0 mace; a +0 leather armour; an orc corpse You slice the orc!!
You kill the orc!
Trog accepts your kill.
The orc throws a stone.
The stone closely misses you.
The orc throws a stone.
The stone barely misses you. You block the orc's attack.
The orc closely misses you.
There is an open door, spattered with blood here.
You see here a +0 glaive.
You barely miss the orc. The orc barely misses you. x2
You block the orc's attack.
You barely miss the orc. The orc hits you but does no damage. x2
You slash the orc!
You kill the orc!
Trog accepts your kill. The orc hits you but does no damage.
You barely miss the orc. You block the orc's attack.
The orc hits you but does no damage.
You closely miss the orc. The orc hits you but does no damage.
You slice the orc!!
You kill the orc!
Trog accepts your kill.
No target in view!
No target in view!
Things that are here:
a cursed -3 war axe; 22 stones; an orc corpse You see here a worker ant corpse.
There is an open door here.
There are monsters nearby!
There are monsters nearby!
There are monsters nearby!
There are monsters nearby!
Unknown command.
There is a stone staircase leading down here.
You see here a jackal corpse.
You block the orc wizard's attack.
You hit the orc wizard.
The orc wizard points at you and mumbles some strange words.
The magic dart hits you.
You slice the orc wizard!!
You kill the orc wizard!
Trog accepts your kill.
Trog appreciates your killing of a magic user.
No target in view!
No target in view!
Things that are here:
a +1 dagger of speed; a +0 robe of fire resistance The orc shouts!
Spoiler Alert: The orc priest (wandering) can smite you!
The orc warrior shouts!
The orc priest shouts!
Spoiler Alert: The orc priest can smite you!
Warning x2: The orc priest can smite you!
The orc warrior can hit for high damage!
You closely miss the orc.
The orc shouts!
You block the orc's attack.
The orc priest mumbles some strange prayers to Beogh against you.
Beogh smites you! The orc barely misses you.
Warning x2: The orc priest can smite you!
The orc warrior can hit for high damage!
You slash the orc! Lightning courses through the orc!
You kill the orc!
Trog accepts your kill. The orc warrior closely misses you.
Warning x2: The orc priest can smite you!
The orc warrior can hit for high damage!
The orc warrior hits you from afar with a +0 glaive!
The orc priest hits you but does no damage.
Things that are here:
a +0 ring mail; an orc corpse Warning x2: The orc priest can smite you!
The orc warrior can hit for high damage!
You hit the orc priest.
Lightning courses through the orc priest!
The orc warrior hits you from afar with a +0 glaive!!
* * * LOW HITPOINT WARNING * * *
The orc priest hits you but does no damage.
Warning x2: The orc priest can smite you!
The orc warrior can hit for high damage!
You closely miss the orc priest. The orc closely misses you.
You riposte.
You slash the orc!
You kill the orc!
Trog accepts your kill. The orc warrior barely misses you.
The orc priest hits you with a +0 mace.
* * * LOW HITPOINT WARNING * * *
Warning x2: The orc warrior can hit for high damage!
The orc priest can smite you!
Okay, then.
Warning x2: The orc warrior can hit for high damage!
The orc priest can smite you!
You barely miss the orc priest.
The orc priest hits you but does no damage.
The orc warrior hits you from afar with a +0 glaive!
You die...

#######[#............#.#
#.#.########.###.# #.#.# #..##$#
#.#.# ##.##.# #.#.# #..#.######
#.#.. ##.#.#....# #†####+#####
#...#....#
#######.##.......####..#(...#####
........##.....o@)..)..'†..))).(.
........##.......####..#...)#####
..(.....##......o# ##.#....#
........##.......# #>######
........##.......# #.#
........##.......# #.#
........##.......# #.# #
........##.......# #.# #
........# #.# #


You could see an orc warrior and an orc priest.

Vanquished Creatures
  Grinder (Sewer)
  Sigmund (D:6)
  5 humans (D:7)
  Edmund (D:6)
  2 ice beasts (D:7)
  An orc warrior (D:7)
  A phantom (D:4)
  A black bear (D:6)
  2 ogres (D:7)
  A necrophage (Sewer)
  A big kobold (Sewer)
  A scorpion (D:4)
  5 wights
  4 hounds
  A bullfrog zombie (D:7)
  2 jellies
  An orc priest (D:3)
  2 gnoll shamans
  2 orc wizards (D:7)
  A bullfrog skeleton (D:6)
  2 iguanas
  7 worker ants
  2 big kobold zombies (Sewer)
  2 hound skeletons
  10 gnolls
  A howler monkey skeleton (D:7)
  11 adders
  2 river rats (D:4)
  A shadow imp (D:5)
  2 ufetubi
  6 oozes
  An adder zombie (D:5)
  An adder skeleton (D:5)
  3 worms
  2 dart slugs
  7 leopard geckos
  24 orcs
  A bat zombie (Sewer)
  2 giant cockroaches
  10 goblins
  5 hobgoblins
  5 jackals (D:7)
  26 kobolds
  2 quokkas
  4 ball pythons
  13 bats
  5 frilled lizards
  A giant cockroach zombie (Sewer)
  A jackal skeleton (D:5)
  2 kobold zombies (Sewer)
  A quokka zombie (D:7)
  9 rats
207 creatures vanquished.

Notes
Turn   | Place    | Note
-------+----------+-------------------------------------------
     0 | D:1      | jackrogers the Gargoyle Berserker began the quest for the
                  | Orb.
     0 | D:1      | Reached XP level 1. HP: 14/14 MP: 1/1
    70 | D:1      | Reached skill level 3 in Long Blades
   164 | D:1      | Reached XP level 2. HP: 19/19 MP: 2/2
   588 | D:1      | Reached XP level 3. HP: 23/23 MP: 3/3
   740 | D:1      | Reached ** piety under Trog
  1071 | D:2      | Reached skill level 4 in Long Blades
  1163 | D:2      | Found a blossoming altar of Fedhas.
  1167 | D:2      | Found an iron altar of Okawaru.
  1445 | D:2      | Reached XP level 4. HP: 19/28 MP: 4/4
  1626 | D:2      | Found a bloodstained altar of Trog.
  1659 | D:2      | Found a broken altar of Ashenzari.
  1666 | D:2      | Found an ornate altar of the Wu Jian Council.
  1869 | D:2      | Found a sacrificial altar of Ru.
  1876 | D:2      | Found a burning altar of Makhleb.
  2111 | D:3      | Reached skill level 5 in Long Blades
  2194 | D:3      | Reached XP level 5. HP: 28/32 MP: 5/5
  2323 | D:3      | Reached *** piety under Trog
  3032 | D:4      | Reached XP level 6. HP: 21/37 MP: 6/6
  3153 | D:4      | Reached skill level 6 in Long Blades
  3156 | D:4      | Found a glowing drain.
  3170 | Sewer    | Entered a sewer
  3433 | Sewer    | Reached **** piety under Trog
  3450 | Sewer    | Found an ancient bone altar of Kikubaaqudgha.
  3582 | Sewer    | Noticed a necrophage
  3591 | Sewer    | Killed a necrophage
  3592 | Sewer    | Reached skill level 7 in Long Blades
  3592 | Sewer    | Reached XP level 7. HP: 41/41 MP: 7/7
  3758 | Sewer    | Noticed Grinder
  3779 | Sewer    | Paralysed by Grinder for 5 turns
  3786 | Sewer    | Killed Grinder
  3787 | Sewer    | Reached skill level 8 in Long Blades
  4660 | D:4      | Reached XP level 8. HP: 38/46 MP: 8/8
  4932 | D:4      | Reached skill level 9 in Long Blades
  5370 | D:5      | Entered Level 5 of the Dungeon
  6153 | D:5      | Found a snail-covered altar of Cheibriados.
  6272 | D:5      | Identified a scroll of acquirement
  6272 | D:5      | Acquired a +2 triple sword of electrocution
  6301 | D:6      | Found a staircase to the Ecumenical Temple.
  6500 | D:6      | Found an opulent altar of Gozag.
  6648 | D:6      | Reached skill level 10 in Long Blades
  6695 | D:6      | Found an iron altar of Okawaru.
  6917 | D:6      | Found Olasy's Weapon Shoppe.
  7057 | D:6      | Noticed Sigmund
  7063 | D:6      | Killed Sigmund
  7121 | D:6      | Noticed Edmund
  7132 | D:6      | Killed Edmund
  7133 | D:6      | Reached XP level 9. HP: 51/51 MP: 9/9
  7197 | D:7      | Reached ***** piety under Trog
  7318 | D:7      | Reached skill level 11 in Long Blades
  7611 | D:7      | Reached skill level 12 in Long Blades
  7916 | D:7      | Reached XP level 10. HP: 56/56 MP: 10/10
  8002 | D:7      | Found a shadowy altar of Dithmenos.
  8071 | D:7      | HP: 14/56 [orc warrior/+0 glaive (19)]
  8073 | D:7      | Slain by an orc warrior

Illustrated notes

Levels and vault maps discovered:
D:1:      doesnt_arrival_eight_statues, layout_basic
D:2:      layout_basic, lemuel_crystal_altar, minitemple,
          amethyst_overflow_temple_binary, grunt_temple_overflow_open,
          chequers_serial_rivers_micro_a, minmay_3d_cube
D:3:      layout_basic, minivault_14
D:4:      layout_basic, portal_sewer_entry_e
D:5:      layout_cave_pods, cheibriados_altar_1
D:6:      layout_basic, grunt_gozag_statues, minmay_temple_entry_offerings,
          serial_shops, nicolae_shop_crystal, basic_altar, minivault_4,
          kennysheep_big_empty_room, sigmund_edmund_badplayer
D:7:      layout_basic, marbit_many_paths, minmay_shop_damaged, minmay_ruffians

Skill      XL: |  1  2  3  4  5  6  7  8  9 |
---------------+----------------------------+-----
Long Blades    | 3 4 5 7 8 10 12 | 12.5
Fighting       | |  3.2
Armour         | |  2.1
Dodging        | |  1.5

Action                   |  1- 3 |  4- 6 |  7- 9 | 10-12 || total
-------------------------+-------+-------+-------+-------++-------
Melee: Falchion          |    93 |   238 |   183 |       ||   514
       Triple sword      |       |       |   119 |    19 ||   138
Invok: Berserk           |       |       |     4 |       ||     4
  Use: Scroll            |       |    10 |     6 |       ||    16
 Stab: Sleeping          |     2 |     1 |       |       ||     3
Armor: Animal skin       |    32 |   118 |   120 |    10 ||   280
Dodge: Dodged            |    81 |   180 |   162 |    14 ||   437
Block: Other             |       |       |    14 |     7 ||    21
       Reflection        |       |       |     2 |       ||     2
       Rpst.: Falchion   |    28 |    52 |    32 |       ||   112
       Triple sword      |       |       |    24 |     2 ||    26

Table legend: (Time is in decaauts)
 A = Elapsed time spent in this place.
 B = Non-inter-level travel time spent in this place.
 C = Inter-level travel time spent in this place.
 D = Time resting spent in this place.
 E = Time spent auto-exploring this place.
 F = Levels seen in this place.
 G = Mean time per level.
                   A        B        C        D        E       F      G
               +--------+--------+--------+--------+--------+-----+--------+
         Total |   8155 |   7783 |    372 |   1588 |   4882 |   8 | 1019.4 |
       Dungeon |   7179 |   6807 |    372 |   1067 |   4671 |   7 | 1025.6 |
         Sewer |    975 |    975 |      0 |    520 |    210 |   1 |  975.0 |
               +--------+--------+--------+--------+--------+-----+--------+

Top non-repeatable levels by time:
     D:4: 1542 daAuts
     D:1: 1054 daAuts
     D:3: 981 daAuts
   Sewer: 975 daAuts
     D:2: 932 daAuts
     D:6: 919 daAuts
     D:7: 915 daAuts
     D:5: 834 daAuts

Table legend:
 A = Kills in this place as a percentage of kills in entire the game.
 B = Kills by you in this place as a percentage of kills by you in the entire game.
 C = Kills by friends in this place as a percentage of kills by friends in the entire game.
 D = Other kills in this place as a percentage of other kills in the entire game.
 E = Experience gained in this place as a percentage of experience gained in the entire game.
 F = Experience gained in this place divided by the number of levels of this place that you have seen.
                   A       B       C       D       E      F
               +-------+-------+-------+-------+-------+----------------------
         Total | 100.0 | 100.0 |   N/A |   N/A | 100.0 | 588.6
       Dungeon |  84.5 |  84.5 |   N/A |   N/A |  85.6 | 575.7
         Sewer |  15.5 |  15.5 |   N/A |   N/A |  14.4 | 679.0
               +-------+-------+-------+-------+-------+----------------------
